 Dungeon Crawl Stone Soup version 0.21.1-1-g345015f (webtiles) character file.

3613 twistedcrescendo the Cleaver (level 9, -11/117 HPs)
             Began as a Minotaur Berserker on June 16, 2018.
             Was an Elder of Trog.
             Killed by divine providence
             ... invoked by a meliai
              (16 damage)
             ... on level 9 of the Dungeon.
             The game lasted 01:38:19 (7678 turns).

twistedcrescendo the Cleaver (Minotaur Berserker)   Turns: 7678, Time: 01:38:27

Health: -11/117    AC: 11    Str: 29    XL:     9   Next: 86%
Magic:  8/8        EV: 13    Int:  4    God:    Trog [****..]
Gold:   530        SH:  3    Dex: 11    Spells: 8/8 levels left

rFire    + . .     SeeInvis .   U - +1 war axe (flame)
rCold    . . .     Gourm    .   (no shield)
rNeg     . . .     Faith    .   J - +1 leather armour
rPois    .         Spirit   .   (helmet restricted)
rElec    .         Reflect  +   h - +0 cloak
rCorr    .         Harm     .   W - +2 pair of gloves
MR       .....                  (no boots)
Stlth    ..........             i - +3 amulet of reflection
HPRegen  0.29/turn              S - ring of protection from fire
MPRegen  0.11/turn              p - +2 ring of protection

@: berserking, lethally poisoned (-11 -> -25), very quick
A: retaliatory headbutt, horns 2
a: Berserk, Trog's Hand, Brothers in Arms, Burn Spellbooks, Renounce Religion


You were on level 9 of the Dungeon.
You worshipped Trog.
Trog was greatly pleased with you.
You were not hungry.

You visited 1 branch of the dungeon, and saw 9 of its levels.

You collected 530 gold pieces.

Inventory:

Hand Weapons
 a - a +0 flail of protection
 q - a +0 war axe of freezing
 y - a +0 blowgun
 U - a +1 war axe of flaming (weapon)
Missiles
 d - 16 tomahawks
 v - 2 poisoned javelins
 A - 33 poisoned needles
 B - 3 tomahawks of returning (quivered)
 D - 11 curare-tipped needles
 N - 7 needles of sleeping
 Q - 7 needles of confusion
 T - 2 silver javelins
Armour
 b - a +0 animal skin
 h - a +0 cloak (worn)
 J - a +1 leather armour (worn)
 W - a +2 pair of gloves (worn)
Jewellery
 i - a +3 amulet of reflection (around neck)
 m - an uncursed ring of fire
 p - a +2 ring of protection (right hand)
 H - an uncursed ring of positive energy
 S - a ring of protection from fire (left hand)
Wands
 t - a wand of disintegration (15)
 V - a wand of flame (28)
 X - a wand of acid (10)
Scrolls
 f - 5 scrolls of remove curse
 g - 2 scrolls of magic mapping
 s - a scroll of amnesia
 u - 2 scrolls of identify
 w - a scroll of random uselessness
 L - 4 scrolls of enchant armour
 P - 2 scrolls of vulnerability
Potions
 k - a potion of lignification {unknown}
 n - a potion of invisibility
 o - a potion of heal wounds
 x - 4 potions of curing {unknown}
 C - a potion of mutation {unknown}
 E - a potion of might {unknown}
 F - a potion of cancellation {unknown}
 I - a potion of brilliance {unknown}
Comestibles
 c - 15 rations
 R - 40 chunks of flesh


   Skills:
 + Level 6.8 Fighting
 * Level 10.0 Axes
 + Level 8.3 Throwing
 + Level 7.8 Armour
 + Level 3.6 Dodging
 - Level 0.6 Stealth
   Level 0.4 Shields


You had 8 spell levels left.
You didn't know any spells.

Dungeon Overview and Level Annotations

Branches:
Dungeon (9/15)             Temple (0/1) D:6
   Lair: D:8-11         Orc: D:9-12

Altars:
Dithmenos
Qazlal
Ru
Sif Muna
Trog
Vehumet
Zin
Beogh

Shops:
D:4 =

Annotations:
D:7 Rwicked's ghost, novice MiBe


Innate Abilities, Weirdness & Mutations

You reflexively headbutt those who attack you in melee.
You have a pair of horns on your head.


Message History

You feel much better. The meliai hits you but does no damage.
The meliai stings you but does no damage.
The meliai hits you with a hand axe!
* * * LOW HITPOINT WARNING * * *
The meliai stings you.
* * * LOW HITPOINT WARNING * * *
The meliai hits you with a war axe.
* * * LOW HITPOINT WARNING * * *
The meliai stings you!
* * * LOW HITPOINT WARNING * * *
You are lethally poisoned!
The meliai poisons you!
A red film seems to cover your vision as you go berserk!
You feel yourself moving faster!
You feel mighty!
You feel quite a bit more hungry.
* * * LOW HITPOINT WARNING * * *
You feel sick.
The meliai calls down the wrath of its god upon you.
Something smites you!
You die...

..y.....##
.........
......... .#
......... .#
........# ..#
........# ..###
........# ......
#...########......
#...y@............
#...y.....<.......
#...########......
#...# ..... #...#
.... #..$# ...
#.... .. .... #


You could see 2 meliai.

Vanquished Creatures
  A meliai (D:9)
  A hippogriff (D:7)
  A hungry ghost (D:8)
  Duvessa (D:4)
  3 orc warriors (D:8)
  6 ogres
  3 centaurs
  4 bullfrogs
  Dowan (D:4)
  A wyvern skeleton (D:6)
  3 scorpions
  A water moccasin skeleton (D:8)
  7 wights (D:7)
  2 crimson imps (D:8)
  A quasit (D:7)
  2 hounds
  6 orc priests
  2 centaur skeletons
  7 orc wizards
  Ijyb (D:2)
  An iguana (D:7)
  5 worker ants
  2 hound skeletons (D:7)
  4 gnolls (D:3)
  7 adders
  A howler monkey skeleton (D:4)
  A shadow imp (D:5)
  3 oozes
  An adder zombie (D:6)
  4 dart slugs
  6 leopard geckos
  40 orcs
  3 ball pythons
  9 bats
  3 giant cockroaches
  11 goblins
  7 hobgoblins
  2 jackals (D:1)
  4 quokkas
  10 frilled lizards
  9 kobolds
  A quokka skeleton (D:4)
  6 rats
194 creatures vanquished.

Notes
Turn   | Place    | Note
-------+----------+-------------------------------------------
     0 | D:1      | twistedcrescendo the Minotaur Berserker began the quest for the Orb.
     0 | D:1      | Reached XP level 1. HP: 19/19 MP: 0/0
    24 | D:1      | Reached skill level 4 in Axes
   375 | D:1      | Reached XP level 2. HP: 27/27 MP: 1/1
   692 | D:1      | Reached XP level 3. HP: 33/33 MP: 2/2
  1368 | D:2      | Reached ** piety under Trog
  1368 | D:2      | Reached skill level 5 in Axes
  1467 | D:2      | Noticed Ijyb
  1480 | D:2      | Killed Ijyb
  1480 | D:2      | Reached XP level 4. HP: 24/40 MP: 3/3
  1593 | D:2      | Found a radiant altar of Vehumet.
  1682 | D:2      | Reached skill level 6 in Axes
  2222 | D:3      | Reached XP level 5. HP: 35/47 MP: 4/4
  2347 | D:3      | Found a shadowy altar of Dithmenos.
  2424 | D:3      | Found a deep blue altar of Sif Muna.
  2450 | D:3      | Reached *** piety under Trog
  2524 | D:3      | Found a stormy altar of Qazlal.
  2796 | D:4      | Noticed Duvessa
  2796 | D:4      | Noticed Dowan
  2815 | D:4      | Killed Duvessa
  2815 | D:4      | Reached skill level 5 in Fighting
  2815 | D:4      | Reached skill level 7 in Axes
  2815 | D:4      | Reached skill level 1 in Throwing
  2815 | D:4      | Reached XP level 6. HP: 51/56 MP: 5/5
  2833 | D:4      | Killed Dowan
  2982 | D:4      | Reached XP level 7. HP: 45/61 MP: 6/6
  3029 | D:4      | Received a gift from Trog
  3405 | D:4      | Found a bloodstained altar of Trog.
  3405 | D:4      | Found a glowing silver altar of Zin.
  3563 | D:4      | Found Jidurch's Jewellery Boutique.
  3615 | D:4      | Reached skill level 8 in Axes
  3771 | D:5      | Entered Level 5 of the Dungeon
  4856 | D:6      | Found a staircase to the Ecumenical Temple.
  5146 | D:6      | Reached XP level 8. HP: 70/70 MP: 7/7
  5495 | D:7      | Reached skill level 5 in Armour
  5496 | D:7      | Reached **** piety under Trog
  5530 | D:7      | Reached skill level 5 in Throwing
  5727 | D:7      | Reached skill level 9 in Axes
  5759 | D:7      | Received a gift from Trog
  5998 | D:7      | Noticed a hippogriff
  6004 | D:7      | Killed a hippogriff
  6004 | D:7      | Reached XP level 9. HP: 75/75 MP: 8/8
  6546 | D:7      | Noticed Rwicked's ghost (novice MiBe)
  7010 | D:8      | Found a sacrificial altar of Ru.
  7055 | D:8      | Received a gift from Trog
  7527 | D:8      | Found a roughly hewn altar of Beogh.
  7663 | D:9      | Noticed a meliai
  7665 | D:9      | Noticed a meliai
  7673 | D:9      | Killed a meliai
  7673 | D:9      | Reached skill level 10 in Axes
  7675 | D:9      | Noticed a meliai
  7678 | D:9      | HP: 5/117 [poisoned by a meliai]
  7678 | D:9      | Killed from afar by a meliai

Skill      XL: |  1  2  3  4  5  6  7  8  9 |
---------------+----------------------------+-----
Axes           | 4 5 6 7 8 9 10 | 10.0
Fighting       | 4 5 6 |  6.8
Armour         | 3 4 5 7 |  7.8
Throwing       | 1 3 6 8 |  8.3
Dodging        | 3 |  3.6
Stealth        | |  0.6
Shields        | |  0.4

Action                   |  1- 3 |  4- 6 |  7- 9 || total
-------------------------+-------+-------+-------++-------
Melee: Hand axe          |    91 |   122 |     1 ||   214
       Headbutt          |    14 |    22 |    19 ||    55
       War axe           |       |       |   101 ||   101
 Fire: Blowgun           |       |       |    18 ||    18
Throw: Tomahawk          |       |     7 |   257 ||   264
       Javelin           |       |       |     5 ||     5
Invok: Berserk           |       |     1 |     3 ||     4
       Burn Spellbooks   |       |       |     1 ||     1
  Use: Scroll            |       |     1 |    13 ||    14
       Potion            |       |       |     1 ||     1
 Stab: Sleeping          |     2 |       |     1 ||     3
  Eat: Chunk             |     2 |     2 |     9 ||    13
       Ration            |       |     1 |     3 ||     4
Armor: Animal skin       |    15 |    40 |       ||    55
       Leather armour    |       |       |    41 ||    41
Dodge: Dodged            |    49 |    78 |    66 ||   193
Block: Other             |     4 |    11 |     8 ||    23
